Map: 어스름 탑

Players

llllllllllll (Scarlett) - Winner!

  • Race: Zerg Zerg
  • League: Grandmaster

lllllllllIll

  • Race: Terran Terran
  • League: Grandmaster

VOD

Have the link to the VOD?

Description

Time

  • Played on: April 14, 2016, 8:01 a.m.
  • Length: 14:44
Show
View Real Time Build Order
Export as new Build Order

llllllllllll Zerg - Winner!

Build Orders: Hatch First, Muta Ling Bane 

Get SALT Encoding   

  12  0:01  Drone  
  13  0:08  Drone  
  14  0:18  Overlord  
  14  0:25  Extractor, Drone  
  15  0:37  Drone  
  15  0:38  Drone  
  17  0:52  Hatchery  
  17  0:55  Drone  
  17  0:59  Drone  
  18  1:11  Spawning Pool  
  18  1:13  Extractor  
  16  1:18  Drone  
  16  1:19  Drone  
  18  1:30  Drone  
  19  1:40  Overlord  
  19  1:52  Drone  
  20  1:57  Queen  
  22  2:01  Zergling x2  
  22  2:03  Queen  
  22  2:04  Drone  
  26  2:12  Drone  
  26  2:13  Metabolic Boost  
  27  2:26  Drone x3  
  30  2:32  Drone  
  30  2:33  Queen  
  33  2:37  Drone  
  34  2:49  Hatchery  
  33  2:51  Overlord  
  33  2:56  Drone x2  
  35  3:01  Drone  
  36  3:07  Overlord  
  36  3:09  Drone x2  
  36  3:10  Drone x2  
  40  3:13  Drone  
  40  3:15  Drone  
  42  3:21  Pneumatized Carapace  
  42  3:24  Drone x2  
  44  3:29  Drone  
  45  3:36  Zergling x2, Roach Warren  
  45  3:44  Drone x4  
  45  3:45  Drone  
  50  3:50  Extractor  
  50  3:51  Extractor  
  50  3:52  Overlord  
  48  3:56  Queen  
  49  4:06  Drone x6  
  56  4:10  Evolution Chamber, Queen  
  56  4:13  Evolution Chamber  
  56  4:17  Drone x4  
  56  4:18  Drone x3  
  63  4:24  Overlord  
  63  4:28  Drone  
  63  4:29  Drone x2  
  63  4:30  Lair  
  65  4:40  Zerg Ground Armor Level 1, Zerg Melee Weapons Level 1  
  65  4:44  Drone x4  
  69  4:49  Drone  
  69  4:50  Overlord, Drone x3  
  73  5:02  Baneling Nest  
  73  5:03  Overlord, Extractor  
  73  5:04  Extractor  
  70  5:07  Extractor  
  70  5:10  Spore Crawler  
  68  5:16  Spore Crawler  
  68  5:17  Drone  
  68  5:18  Drone x9  
  68  5:19  Spore Crawler  
  76  5:21  Spore Crawler  
  76  5:22  Zergling x2  
  76  5:23  Zergling x8  
  76  5:26  Queen  
  82  5:35  Overlord  
  82  5:48  Overseer  
  82  5:53  Drone x2  
  82  5:54  Drone x4  
  82  5:56  Centrifical Hooks  
  87  6:00  Spire, Queen  
  87  6:01  Drone x4  
  92  6:14  Zergling x2  
  92  6:15  Zergling x10  
  92  6:16  Overlord x4  
  98  6:24  Hatchery  
  97  6:29  Drone  
  97  6:30  Overlord x4  
  97  6:40  Overseer  
  97  6:43  Drone x3  
  97  6:44  Zerg Melee Weapons Level 2, Zerg Ground Armor Level 2  
  97  6:45  Zergling x6  
  103  7:08  Overlord  
  103  7:09  Hatchery, Zergling x10  
  103  7:10  Zergling x4, Infestation Pit  
  103  7:13  Baneling  
  103  7:14  Baneling x6  
  108  7:17  Hatchery  
  108  7:22  Zergling x20  
  117  7:28  Mutalisk  
  110  7:40  Hatchery  
  102  7:59  Mutalisk x9  
  102  8:04  Overlord  
  120  8:06  Drone x2  
  120  8:07  Drone  
  123  8:18  Mutalisk x4  
  123  8:19  Baneling  
  131  8:20  Baneling x5  
  132  8:27  Hatchery  
  132  8:30  Drone x2  
  132  8:31  Drone x4  
  128  8:53  Mutalisk x5  
  128  8:55  Zergling x16  
  145  9:04  Hive  
  145  9:10  Spore Crawler  
  145  9:11  Spine Crawler, Spore Crawler, Extractor  
  145  9:12  Extractor, Mutalisk  
  145  9:14  Overlord x2  
  145  9:15  Drone x3  
  145  9:16  Drone x4  
  151  9:17  Drone x2  
  151  9:30  Drone x12  
  163  9:31  Overseer  
  163  9:37  Baneling  
  163  9:38  Baneling x15  
  157  9:42  Overlord  
  157  9:44  Overseer  
  157  9:53  Zergling x22  
  157  9:54  Baneling  
  157  9:55  Baneling x2  
  157  9:58  Zergling x8  
  172  10:05  Zergling x2  
  172  10:06  Zergling x12  
  175  10:22  Zergling x2  
  175  10:23  Zergling x32  
  175  10:25  Zerg Melee Weapons Level 3  
  189  10:33  Zerg Ground Armor Level 3  
  188  10:36  Ultralisk Cavern, Spore Crawler, Adrenal Glands  
  184  10:43  Zergling x20  
  194  10:53  Zergling x2  
  194  10:54  Zergling x8  
  194  10:55  Baneling  
  194  10:56  Baneling x4  
  199  11:00  Hatchery  
  161  11:15  Zergling x6  
  161  11:16  Zergling x24  
  161  11:24  Zergling x20  
  165  11:32  Greater Spire  
  164  11:35  Chitinous Plating  
  164  11:36  Ultralisk  
  164  11:37  Ultralisk  
  176  11:46  Ultralisk  
  180  11:50  Extractor  
  180  11:54  Extractor  
  178  11:58  Spine Crawler x2  
  176  12:08  Corruptor  
  176  12:09  Corruptor x4  
  176  12:13  Pathogen Glands  
  186  12:21  Baneling x8  
  186  12:22  Corruptor x2  
  186  13:04  Brood Lord x2  
  186  13:05  Brood Lord x4  
  194  13:08  Corruptor  
  194  13:09  Corruptor x4  
  193  13:17  Zergling x2  
  193  13:18  Zergling x12  
  199  13:26  Overlord  
  199  13:27  Overlord x2  
  199  13:29  Overlord  
  199  13:35  Spire  
  196  13:57  Infestor x2  
  200  14:03  Baneling  
  200  14:04  Baneling x9  
  199  14:15  Spore Crawler  
  199  14:16  Spore Crawler  
  187  14:18  Spine Crawler  
Show
View Real Time Build Order
Export as new Build Order

lllllllllIll Terran 

Build Orders: Command Center First (CC), Bio Mine 

Get SALT Encoding   

  12  0:01  SCV  
  13  0:13  SCV  
  14  0:17  Supply Depot  
  14  0:25  SCV  
  15  0:39  SCV  
  16  0:51  SCV  
  17  0:59  Command Center  
  17  1:03  SCV  
  18  1:07  Refinery  
  18  1:15  SCV  
  19  1:20  Barracks  
  19  1:27  SCV  
  20  1:39  SCV  
  21  1:51  SCV  
  21  1:53  Refinery  
  22  2:07  Marine, Orbital Command  
  23  2:09  Factory  
  23  2:11  Orbital Command  
  23  2:25  Barracks Reactor, Supply Depot  
  23  2:33  SCV  
  23  2:36  SCV  
  25  2:45  SCV  
  25  2:48  SCV  
  27  2:52  Factory Tech Lab  
  27  2:53  Starport  
  27  2:57  SCV  
  28  3:01  Marine x2, SCV  
  31  3:09  SCV  
  31  3:11  Siege Tank  
  35  3:13  SCV  
  35  3:19  Marine x2  
  38  3:21  SCV  
  39  3:28  Command Center  
  39  3:29  SCV  
  39  3:31  Medivac  
  43  3:34  SCV  
  43  3:38  Supply Depot  
  44  3:41  SCV  
  44  3:46  SCV  
  45  3:53  Barracks  
  45  3:54  Barracks  
  45  4:00  SCV x2  
  47  4:06  Supply Depot  
  47  4:07  Cloaking Field  
  47  4:10  Banshee  
  47  4:14  Refinery  
  47  4:15  Factory Reactor, Refinery  
  50  4:17  Barracks Tech Lab  
  50  4:18  SCV  
  50  4:21  SCV  
  52  4:30  SCV  
  53  4:32  Engineering Bay  
  53  4:33  Engineering Bay, SCV  
  54  4:40  Marine  
  54  4:41  Marine, Stimpack  
  54  4:42  Marine, SCV  
  58  4:49  SCV  
  58  4:51  Orbital Command  
  59  4:54  SCV  
  59  4:57  Factory Reactor  
  59  4:59  Banshee  
  63  5:02  SCV  
  63  5:05  Marine x4  
  68  5:07  Marine  
  68  5:10  SCV  
  68  5:14  SCV  
  71  5:18  Orbital Command  
  71  5:22  Terran Infantry Armor Level 1, Terran Infantry Weapons Level 1, SCV  
  71  5:27  Barracks x2, SCV  
  73  5:29  Marine x3  
  73  5:30  Marine  
  77  5:41  Supply Depot  
  77  5:42  Supply Depot  
  77  5:43  Factory Reactor  
  77  5:58  Marine x3, Medivac x2, SCV  
  77  6:02  Marine x2  
  77  6:03  SCV x2  
  89  6:10  SCV  
  90  6:15  SCV x2  
  90  6:16  Marine x3  
  90  6:17  Armory  
  90  6:18  Supply Depot  
  95  6:20  Marine x2  
  95  6:21  Widow Mine x2  
  95  6:22  Supply Depot  
  95  6:23  Supply Depot  
  101  6:38  Supply Depot  
  101  6:39  Supply Depot, SCV x2  
  103  6:40  Supply Depot  
  103  6:43  Supply Depot  
  103  6:44  Barracks Reactor  
  103  6:45  Factory, Supply Depot  
  103  6:48  Barracks Reactor  
  103  6:52  SCV x2  
  103  6:53  SCV  
  106  6:55  Marine x2  
  106  6:56  Marine x2, Combat Shields  
  106  6:57  Widow Mine  
  106  7:00  Medivac  
  114  7:03  Medivac  
  114  7:08  Missile Turret  
  116  7:09  Missile Turret  
  116  7:12  Widow Mine, Missile Turret  
  116  7:14  Marine x2  
  120  7:16  Marine  
  121  7:30  Medivac  
  121  7:32  Marine x2  
  121  7:33  Marine x2  
  121  7:36  Widow Mine x2  
  125  7:38  Drilling Claws  
  125  7:39  Marine x4  
  125  7:40  Marauder  
  125  7:43  Terran Infantry Armor Level 2  
  135  7:47  Terran Infantry Weapons Level 2  
  135  7:50  Marine x3  
  128  7:58  Refinery  
  128  7:59  Refinery  
  128  8:00  Command Center  
  128  8:03  Marine x2  
  128  8:04  Marauder  
  129  8:07  Widow Mine  
  129  8:08  Marine x4, Widow Mine  
  129  8:09  Widow Mine  
  129  8:11  Medivac  
  141  8:14  Medivac  
  143  8:25  Marauder  
  145  8:30  Marine x6  
  145  8:31  Marine x2  
  153  8:36  Widow Mine  
  153  8:37  Widow Mine, Thor  
  160  8:45  Liberator  
  160  8:46  Marauder, Liberator  
  160  8:48  Marine x2  
  158  8:54  Marine x2, Terran Vehicle And Ship Armor Level 1  
  152  8:56  Barracks x2, Marine x2  
  152  8:58  Barracks  
  147  9:04  Marine  
  147  9:06  Marine  
  147  9:07  Marine  
  147  9:08  Marauder  
  156  9:16  SCV x2  
  156  9:17  SCV  
  159  9:21  Marine x4, Widow Mine  
  159  9:22  Widow Mine  
  167  9:28  SCV x2  
  167  9:29  SCV  
  170  9:40  SCV  
  170  9:43  Thor  
  170  9:44  Marauder  
  170  9:45  Barracks Reactor, Barracks Tech Lab  
  178  9:46  Barracks Tech Lab  
  178  9:54  Liberator  
  178  10:03  Marauder  
  178  10:06  Marine x2, Marauder  
  180  10:09  Marine  
  180  10:10  Marine  
  180  10:14  Marine x2, Marauder  
  174  10:16  Liberator  
  174  10:20  Widow Mine x2  
  170  10:25  Marine x2, Marauder  
  170  10:27  Widow Mine  
  168  10:29  Terran Infantry Armor Level 3, Terran Infantry Weapons Level 3  
  168  10:30  Planetary Fortress  
  168  10:31  SCV x2  
  168  10:32  SCV  
  168  10:33  Marine x4  
  176  10:46  Marine x2, Marauder  
  180  10:52  Widow Mine, Supply Depot x2  
  180  10:53  Marine x6  
  188  11:11  Marine  
  116  11:18  Marine x2  
  116  11:19  Marine x3  
  116  11:20  Widow Mine x2  
  116  11:21  Widow Mine  
  116  11:22  SCV  
  116  11:23  SCV x3  
  116  11:24  Marine  
  125  11:27  Marine x2  
  125  11:31  Missile Turret  
  120  11:34  SCV  
  120  11:35  SCV x2  
  120  11:36  Marine  
  120  11:38  Marauder x2  
  125  11:48  Medivac x2  
  125  11:51  Missile Turret  
  125  11:52  Widow Mine x2  
  125  11:53  Missile Turret  
  129  11:54  Starport  
  129  11:55  Widow Mine  
  131  12:02  Marauder x3  
  138  12:17  Barracks Tech Lab x2  
  138  12:18  Terran Ship Weapons Level 1  
  138  12:19  Barracks Tech Lab  
  138  12:20  Medivac  
  138  12:21  Medivac  
  138  12:22  Barracks Tech Lab  
  143  12:27  Marauder, Widow Mine x2  
  143  12:28  Marauder x2  
  151  12:31  Thor  
  152  12:38  Starport Reactor  
  152  12:42  Marine x2  
  152  12:43  Marauder x2  
  152  12:44  Marauder x2  
  159  12:49  Marauder  
  160  12:53  Missile Turret  
  160  12:55  Missile Turret  
  160  12:59  Medivac x2  
  160  13:00  Widow Mine x2  
  160  13:02  Marine x2, Marauder x2  
  160  13:04  Marauder  
  160  13:05  Marauder x2  
  180  13:12  Command Center, Refinery  
  180  13:13  Refinery  
  172  13:22  Marine x4  
  172  13:24  Marauder  
  172  13:26  Marauder  
  182  13:28  Command Center  
  182  13:36  Marauder x2  
  182  13:38  Viking x4  
  184  13:54  Marine x2, Marauder x2  
  183  14:15  Marauder  
Tags
 
Add a new tag
Caveats
  • Supply blocks, unpowered buildings, or Contaminate may cause inaccurate times.
  • Supply counts are checked every 10 seconds.